 Dungeon Crawl Stone Soup version 0.21-a0-153-g78480df (webtiles) character file.

534 4thArraOfDagon the Basher (level 7, 12/48 HPs)
             Began as a Gnoll Wanderer on Aug 1, 2017.
             Quit the game on level 7 of the Dungeon.
             The game lasted 00:06:02 (1984 turns).

4thArraOfDagon the Basher (Gnoll Wanderer)          Turns: 1984, Time: 00:06:02

Health: 12/48      AC: 10    Str:  7    XL:     7   Next: 25%
Magic:  7/7        EV:  7    Int:  7    God:
Gold:   134        SH:  0    Dex:  7    Spells: 6/6 levels left

rFire    . . .     SeeInvis .   h - +1 whip (vamp)
rCold    . . .     Gourm    .   (no shield)
rNeg     . . .     Faith    .   a - +3 scale mail
rPois    .         Spirit   .   (no helmet)
rElec    .         Reflect  .   (no cloak)
rCorr    .         Harm     .   (no gloves)
MR       .....                  (no boots)
Stlth    ..........             (no amulet)
HPRegen  0.16/turn              (no ring)
MPRegen  0.10/turn              (no ring)

@: lethally poisoned (12 -> -2)
A: unchanging attributes, fangs 1, strong nose
a: no special abilities


You were on level 7 of the Dungeon.
You were not hungry.

You visited 1 branch of the dungeon, and saw 7 of its levels.

You collected 134 gold pieces.

Inventory:

Hand Weapons
 c - a +0 club
 h - a +1 vampiric whip (weapon)
Missiles
 e - a throwing net
 k - 5 javelins (quivered)
Armour
 a - a +3 scale mail (worn)
 s - a +0 ring mail
Wands
 l - a wand of lightning (0/15)
 n - a wand of random effects (9/48)
Scrolls
 g - a scroll of fog {unknown}
 i - a scroll of teleportation {unknown}
 j - a scroll of identify
 o - a scroll of magic mapping {unknown}
 p - a scroll of remove curse {unknown}
Potions
 f - a potion of mutation {unknown}
 q - a potion of lignification {unknown}
Books
 m - a book of Clouds

   Spells                             Type                      Level
   a - Poisonous Vapours              Poison/Air                   2
   b - Mephitic Cloud                 Conjuration/Poison/Air       3
   c - Conjure Flame                  Conjuration/Fire             3
   d - Freezing Cloud                 Conjuration/Ice/Air          6
   e - Ring of Flames                 Charms/Fire                  7
Comestibles
 d - 3 bread rations


   Skills:
 - Level 1.3 Fighting
 * Level 8.8 Maces & Flails
   Level 1.3 Crossbows
 - Level 3.1 Throwing
 + Level 6.4 Armour
   Level 1.3 Shields


You had 6 spell levels left.
You didn't know any spells.

Dungeon Overview and Level Annotations

Branches:
Dungeon (7/15)
 Temple: D:4-7

Altars:

Annotations:
D:2 Terence


Innate Abilities, Weirdness & Mutations

Your physical attributes are unchanging.
You have very sharp teeth.
Your uncanny sense of smell can sniff out nearby items.


Message History

Unknown command.
A bullfrog comes into view.
You feel sick.
The bullfrog gives a loud, deep croak!
The killer bee stings you but does no damage.
You hear a distant slurping noise.
Unknown command.
As you read the scroll of fear, it crumbles to dust.
You assume a fearsome visage.
The centaur zombie is unaffected.
The bullfrog looks frightened!
The killer bee looks frightened! x3
The killer bee resists with some effort.
The leopard gecko looks frightened!
The killer bee stings you.
You are more poisoned.
The killer bee poisons you! The killer bee stings you!
* * * LOW HITPOINT WARNING * * *
You are lethally poisoned!
The killer bee poisons you! The killer bee closely misses you.
A hippogriff comes into view.
Unknown command.
Are you sure you want to abandon this character and quit the game? (Confirm with "yes".)

# ../...... H...#
# .........# ....#
....y...5# ....
...%.....# ... # #
......y..##..#.#.#
.......... .......
.......y.##y......
......lZyy@.......
######.###.......
######.# #######
#.....S# #......+
#......# #......#
... #..
#.....J##.... #..
#(............


You could see a hippogriff (wandering), 6 killer bees, a centaur zombie and a
leopard gecko (fleeing).

Vanquished Creatures
  A centaur (D:6)
  3 bullfrogs (D:6)
  A jelly (D:6)
  A bullfrog skeleton (D:6)
  An iguana (D:7)
  An orc wizard (D:6)
  2 worker ants (D:6)
  A killer bee zombie (D:6)
  4 gnolls (D:6)
  A howler monkey skeleton (D:6)
  An adder (D:6)
  An adder skeleton (D:6)
  A worm (D:6)
  2 dart slugs
  2 leopard geckos
  2 orcs (D:6)
  A giant cockroach (D:7)
  A hobgoblin (D:3)
  5 jackals
  2 kobolds (D:3)
  A quokka (D:3)
  A goblin (D:3)
  A quokka skeleton (D:6)
  2 toadstools (D:1)
39 creatures vanquished.

Notes
Turn   | Place    | Note
-------+----------+-------------------------------------------
     0 | D:1      | 4thArraOfDagon the Gnoll Wanderer began the quest for the Orb.
     0 | D:1      | 4thArraOfDagon set off with: a +2 scale mail, 2 potions of curing, a +0 club, a bread ration
     0 | D:1      | Reached XP level 1. HP: 15/15 MP: 1/1
    43 | D:2      | Noticed Terence
    45 | D:2      | You fall through a shaft for 2 floors!
   311 | D:3      | Reached XP level 2. HP: 19/21 MP: 2/2
   674 | D:5      | Entered Level 5 of the Dungeon
   775 | D:6      | Reached skill level 5 in Maces & Flails
   775 | D:6      | Reached XP level 3. HP: 11/26 MP: 3/3
   931 | D:6      | Noticed a bullfrog
   940 | D:6      | Killed a bullfrog
   940 | D:6      | Reached skill level 6 in Maces & Flails
   940 | D:6      | Reached XP level 4. HP: 26/32 MP: 4/4
   940 | D:6      | Reached XP level 5. HP: 30/37 MP: 5/5
  1108 | D:6      | Reached skill level 5 in Armour
  1270 | D:6      | Noticed a centaur
  1273 | D:6      | Killed a centaur
  1273 | D:6      | Reached skill level 7 in Maces & Flails
  1273 | D:6      | Reached XP level 6. HP: 19/43 MP: 6/6
  1480 | D:6      | Reached skill level 8 in Maces & Flails
  1521 | D:6      | Reached XP level 7. HP: 18/48 MP: 7/7
  1984 | D:7      | Noticed a hippogriff
  1984 | D:7      | Quit the game

Vault maps used:
D:1:      ldierk_water_garden, st_stairs_1
D:2:      chequers_ecumenical_altar_lobes, first_bread, uniq_terence
D:3:      grunt_ministairs_11, corexii_corridor_pit
D:4:      nicolae_qazlal_general_emergency
D:5:      hex_large, minmay_misc_feat_roman
D:7:      nicolae_whirlpool, minmay_temple_entry_overgrown, serial_shops,
          kennysheep_mini_moat

Skill      XL: |  1  2  3  4  5  6 |
---------------+-------------------+-----
Throwing       | 2 3 |  3.1
Maces & Flails | 5 6 7 8 |  8.8
Armour         | 5 6 |  6.4
Fighting       | |  1.3
Crossbows      | |  1.3
Shields        | |  1.3

Action                   |  1- 3 |  4- 6 |  7- 9 || total
-------------------------+-------+-------+-------++-------
Melee: Club              |    96 |       |       ||    96
       Whip              |    10 |   105 |    26 ||   141
       Bite              |     3 |     6 |     1 ||    10
Evoke: Wand              |     1 |     5 |    19 ||    25
  Use: Scroll            |     4 |     1 |     1 ||     6
       Potion            |     1 |       |     1 ||     2
  Eat: Bread ration      |     1 |       |       ||     1
       Chunk             |       |     2 |       ||     2
       Meat ration       |       |       |     1 ||     1
Armor: Scale mail        |    55 |    43 |    34 ||   132
Dodge: Dodged            |    38 |    34 |    10 ||    82
